 Dungeon Crawl Stone Soup version 0.30-a0-737-gf23d94013f (webtiles) character file.

Game seed: 2714138769379830225

61 Leeroy the Slasher (level 4, -3/23 HPs)
             Began as a Vine Stalker Warper on Feb 1, 2023.
             Slain by a hobgoblin (4 damage)
             ... on level 3 of the Dungeon.
             The game lasted 00:02:21 (1649 turns).

Leeroy the Slasher (Vine Stalker Warper)            Turns: 1649, Time: 00:02:22

Health: -3/23      AC:  3    Str: 13    XL:     4   Next: 7%
Magic:  0/8        EV: 11    Int: 13    God:
Gold:   168        SH:  0    Dex: 16    Spells: 2/7 levels left

rFire   x . .      SeeInvis .    s - +2 whip (vamp)
rCold   + . .      Faith    .    (no shield)
rNeg    . . .      Spirit   +    b - +0 leather armour
rPois   .          Reflect  .    (no helmet)
rElec   .          Harm     .    (no cloak)
rCorr   .          Rampage  .    (no gloves)
Will    .....                    (no boots)
Stlth   +                        j - amulet of regeneration
HPRegen 1.83/turn                m - ring of ice
MPRegen 0.11/turn                (no ring)

@: lethally poisoned (-3 -> -3)
A: fangs 2, regeneration 1, magic shield, antimagic bite, no potion heal 2
a: no special abilities


You were on level 3 of the Dungeon.
You visited 1 branch of the dungeon, and saw 3 of its levels.

You collected 168 gold pieces.

Inventory:

Hand Weapons
 a - a +0 falchion
 s - a +2 vampiric whip (weapon)
Missiles
 d - 7 boomerangs of dispersal (quivered)
Armour
 b - a +0 leather armour (worn)
Jewellery
 j - an amulet of regeneration (around neck)
 m - a ring of ice (left hand)
Scrolls
 c - a scroll of blinking
 f - 4 scrolls of identify {unknown}
 g - a scroll of immolation {unknown}
 h - a scroll of amnesia {unknown}
 i - a scroll of summoning {unknown}
 k - 2 scrolls of fear {unknown}
 n - a scroll of noise {unknown}
 p - 5 scrolls of poison {unknown}
 r - a scroll of fog {unknown}
Potions
 e - 2 potions of ambrosia {unknown}
 l - 2 potions of attraction {unknown}
 o - a potion of haste {unknown}
 q - 2 potions of berserk rage {unknown}


   Skills:
 - Level 1.7 Fighting
 - Level 3.7 Long Blades
 - Level 0.8 Throwing
 - Level 0.7 Armour
 - Level 1.5 Dodging
 + Level 0.6 Stealth
 - Level 2.1 Spellcasting
 - Level 3.0 Translocations


You had 2 spell levels left.
You knew the following spells:

 Your Spells              Type           Power      Damage    Failure   Level
a - Blink                 Tloc           18%        N/A       14%         2
b - Vhi's Electric Charg  Tloc/Air       10%        N/A       45%         3

Your spell library contained the following spells:

 Spells                   Type           Power      Damage    Failure   Level
 Lesser Beckoning         Tloc           18%        N/A       14%         2
 Teleport Other           Tloc           9%         N/A       28%         3
 Manifold Assault         Tloc           9%         N/A       67%         4


Dungeon Overview and Level Annotations

Branches:
Dungeon (3/15)

Altars:
Hepliaklqana
Qazlal
Ru
Wu Jian


Innate Abilities, Weirdness & Mutations

You have extremely sharp teeth.
Your natural rate of healing is unusually fast.
When hurt, damage is shared between your health and your magic reserves.
Your bite disrupts and absorbs the magic of your enemies.
Potions cannot restore your health.


Message History

There is a stone staircase leading up here.
A giant cockroach, an adder and a hobgoblin come into view.
The adder hisses angrily.
The hobgoblin shouts!
You hear a shout!
An endoplasm and an ogre come into view.
You miss the adder. The adder bites you.
The endoplasm quivers.
You hit the adder.
The adder is heavily wounded.
The adder closely misses you. The adder barely misses you.
An endoplasm comes into view.
The endoplasm quivers.
You hit the adder. Your bite misses the adder.
The adder is heavily wounded.
The adder misses you. The hobgoblin hits you.
You closely miss the adder.
The adder is heavily wounded.
The adder closely misses you.
A quokka comes into view.
The hobgoblin hits you but does no damage.
The adder bites you but does no damage.
You closely miss the adder.
The adder is heavily wounded.
The hobgoblin closely misses you. The adder bites you.
You are poisoned.
The adder poisons you! The ogre barely misses you.
You hit the adder but do no damage. You bite the adder, but do no damage.
The adder is heavily wounded.
You feel sick. The adder bites you but does no damage.
The hobgoblin barely misses you. The adder bites you.
You closely miss the adder. You bite the adder. You drain its power.
You feel invigorated.
The adder is severely wounded.
You feel sick. The ogre misses you. The hobgoblin hits you.
The adder barely misses you. The ogre attacks as you move away!
The ogre hits you with a +0 giant spiked club!!
Ouch! That really hurt!
* * * LOW HITPOINT WARNING * * *
The hobgoblin attacks as you move away! The hobgoblin hits you.
You die...

####...#### ...~~...#
#.....).... ~⌠........#
#.###...### ⌠~~.......#
#.......### ...~....#.#
#..#.......
~..~....#.####..#.......
.~~..........#..........
...r.JSg#.##.##.#.......
.....JO@...........#....
~~~~###......##......###
~ #.##.#..#####.###
#......)# ###.###
#.##.#.## #.....###
#.##.#.# #........
#......# #.......♣
####.### #...PP..♣ #.#
#....P..♣


You could see an ogre, an adder, 2 endoplasms, a quokka and a hobgoblin.

Vanquished Creatures
  2 adders
  2 worms (D:2)
  3 endoplasms
  4 giant cockroaches
  4 goblins
  2 jackals (D:2)
  3 kobolds
  8 ball pythons
  4 bats
  4 rats
36 creatures vanquished.

Vanquished Creatures (others)
  3 plants (D:3)
3 creatures vanquished.

Grand Total: 39 creatures vanquished

Notes
Turn   | Place    | Note
-------+----------+-------------------------------------------
     0 | D:1      | Leeroy the Vine Stalker Warper began the quest for the Orb.
     0 | D:1      | Reached XP level 1. HP: 11/11 MP: 4/4
   128 | D:1      | Reached XP level 2. HP: 7/15 MP: 3/6
   823 | D:2      | Learned a level 2 spell: Blink
   855 | D:2      | Reached XP level 3. HP: 18/18 MP: 5/7
  1045 | D:2      | Learned a level 3 spell: Vhi's Electric Charge
  1392 | D:3      | Found an ornate altar of the Wu Jian Council.
  1392 | D:3      | Found a sacrificial altar of Ru.
  1392 | D:3      | Found a hazy altar of Hepliaklqana.
  1455 | D:3      | Gained mutation: Your natural rate of healing is unusually
                  | fast. [Vine Stalker growth]
  1455 | D:3      | Reached XP level 4. HP: 21/23 MP: 6/8
  1540 | D:3      | Found a stormy altar of Qazlal.
  1641 | D:3      | Noticed an ogre
  1649 | D:3      | HP: 1/23 [ogre/+0 giant spiked club (20)]
  1649 | D:3      | Slain by a hobgoblin

Illustrated notes

Levels and vault maps discovered:
D:1:      shiori_shiawase, layout_loops_ring
D:2:      layout_basic
D:3:      cheibrodos_helix_gallery, layout_loops_cross,
          mainiacjoe_overflow_chevrons,
          chequers_temple_overflow_statue_of_worship,
          kennysheep_generic_room_13, uniq_natasha

Skill      XL: |  1  2 |
---------------+-------+-----
Long Blades    | 2 3 |  3.7
Fighting       | |  1.7
Throwing       | |  0.8
Armour         | |  0.7
Dodging        | |  1.5
Stealth        | |  0.6
Spellcasting   | |  2.1
Translocations | |  3.0

Action                     |  1- 3 |  4- 6 || total
---------------------------+-------+-------++-------
  Melee: Falchion          |    94 |       ||    94
         Bite              |    21 |     4 ||    25
         Whip              |       |    15 ||    15
   Stab: Sleeping          |     1 |       ||     1
 Armour: Leather armour    |    26 |     6 ||    32
  Dodge: Dodged            |    73 |    14 ||    87

Table legend: (Time is in decaauts)
 A = Elapsed time spent in this place.
 B = Non-inter-level travel time spent in this place.
 C = Inter-level travel time spent in this place.
 D = Time resting spent in this place.
 E = Time spent auto-exploring this place.
 F = Levels seen in this place.
 G = Mean time per level.
                   A        B        C        D        E       F      G
               +--------+--------+--------+--------+--------+-----+--------+
         Total |   1664 |   1628 |     36 |      0 |   1283 |   3 |  554.7 |
       Dungeon |   1664 |   1628 |     36 |      0 |   1283 |   3 |  554.7 |
               +--------+--------+--------+--------+--------+-----+--------+

Top non-repeatable levels by time:
     D:2: 706 daAuts
     D:1: 697 daAuts
     D:3: 259 daAuts
